 Dungeon Crawl Stone Soup version 0.30.0-29-ga12c61a403 (webtiles) character file.

Game seed: 13788002893979170613

199 qw the Chopper (level 5, 0/32 HPs)
             Began as a Gargoyle Fighter on June 3, 2023.
             Slain by an orc
             ... wielding a +0 trident
              (1 damage)
             ... on level 4 of the Dungeon.
             The game lasted 00:01:27 (2420 turns).

qw the Chopper (Gargoyle Fighter)                   Turns: 2420, Time: 00:01:28

Health: 0/32       AC: 14    Str: 21      XL:     5   Next: 77%
Magic:  5/5        EV:  7    Int:  8 (9)  God:
Gold:   98         SH:  4    Dex:  9      Spells: 4/4 levels left

rFire   . . .        Y - +1 war axe
rCold   . . .        c - +0 buckler
rNeg    + . .        i - +0 chain mail
rPois   inf          e - +0 helmet
rElec   +            (no cloak)
rCorr   +            (no gloves)
SInv    +            (no boots)
Will    .....        (no amulet) Stlth
                     a - ring of see invisible
HPRegen 0.25/turn    l - ring of resist corrosion
MPRegen 0.09/turn

%: no passive effects
@: no status effects
A: sickness immunity, AC +4, negative energy resistance 1, electricity
resistance, torment resistance 1, petrification resistance
a: no special abilities


You were on level 4 of the Dungeon.
You visited 1 branch of the dungeon, and saw 4 of its levels.

You collected 146 gold pieces.
You spent 48 gold pieces at shops.


Innate Abilities, Weirdness & Mutations

You are immune to sickness and miasma.
Your stone body is resilient. (AC +4)
You are immune to poison.
You resist negative energy. (rN+)
You are resistant to electric shocks. (rElec)
You are resistant to unholy torment.
You are immune to petrification.


   Skills:
 + Level 3.5 Fighting
 - Level 5.1 Axes
 - Level 3.2 Armour
 - Level 3.2 Shields


You had 4 spell levels left.
You didn't know any spells.
Your spell library was empty.

Inventory:

Hand Weapons
 k - a +0 club
 Y - a +1 war axe (weapon)
Armour
 b - the +3 kite shield of Saomeh {rN+ Will+}
   (You found it on level 4 of the Dungeon)

   rN:        It protects you from negative energy.
   Will:      It increases your willpower.
 c - a +0 buckler (worn)
 e - a +0 helmet (worn)
 i - a +0 chain mail (worn)
Jewellery
 a - a ring of see invisible (left hand)
 j - a ring of see invisible
 l - a ring of resist corrosion (right hand)
Scrolls
 f - 2 scrolls of identify
Potions
 d - 3 potions of might
 g - 5 potions of curing
 h - a potion of attraction

Dungeon Overview and Level Annotations

Branches:
Dungeon (4/15)
 Temple: D:4-7

Altars:
Gozag
Hepliaklqana
Zin

Shops:
D:2 ?

Annotations:
D:3 3 runed translucent doors, qw's ghost, weakling GrFi


Message History

Beogh smites you! The orc hits you but does no damage.
The orc priest looks encouraged for a moment.
Things that are here:
a +0 club; an orc corpse You hit the orc priest but do no damage.
The orc priest is moderately wounded.
The orc hits you from afar with a +0 trident.
The orc priest mumbles some strange prayers to Beogh against you.
Beogh smites you! The orc priest hits you with a +0 club.
The orc barely misses you.
2414 ||| DRINKING potion of heal wounds.
You feel much better.
The orc hits you from afar with a +0 trident.
The orc priest hits you but does no damage.
You closely miss the orc priest.
The orc priest is moderately wounded.
The orc barely misses you.
The orc priest hits you but does no damage.
You hit the orc priest.
The orc priest is heavily wounded.
The orc hits you but does no damage.
The orc priest hits you but does no damage.
You barely miss the orc priest.
The orc priest is heavily wounded.
The orc hits you from afar with a +0 trident.
The orc priest mumbles some strange prayers to Beogh against you.
Beogh smites you!
The orc priest hits you but does no damage.
The orc barely misses you.
You hit the orc priest.
The orc priest is severely wounded.
The orc hits you but does no damage. You block the orc priest's attack.
You closely miss the orc priest.
The orc priest is severely wounded.
The orc barely misses you. The orc priest hits you with a +0 club.
You barely miss the orc priest.
The orc priest is severely wounded.
The orc hits you from afar with a +0 trident.
You die...

#...#.......####
#...#..........#
#...#####.....##
#...#####.....#
#.............#
###
#########...#.#
... #.....# ..
#.#####o#.#
#.##.@oo..#
#.##.##o###
#.##.# .. #....#
## ######


You could see an orc priest and 3 orcs.

Vanquished Creatures
  2 iguanas
  6 adders
  2 worms
  2 dart slugs
  5 orcs
  8 ball pythons
  7 bats
  An endoplasm (D:3)
  5 giant cockroaches
  8 goblins
  3 hobgoblins
  6 jackals
  A quokka (D:2)
  4 frilled lizards
  8 kobolds
  10 rats
78 creatures vanquished.

Notes
Turn   | Place    | Note
-------+----------+-------------------------------------------
     0 | D:1      | qw the Gargoyle Fighter began the quest for the Orb.
     0 | D:1      | Reached XP level 1. HP: 14/14 MP: 1/1
     0 | D:1      | 0 ||| qw: Version: 0.2-a-103-g3a7daa1
     0 | D:1      | 0 ||| qw: Game counter: 957
     0 | D:1      | 0 ||| qw: Always use a shield: true
     0 | D:1      | 0 ||| qw: God list: Okawaru
     0 | D:1      | 0 ||| qw: Allow faded altars: false
     0 | D:1      | 0 ||| qw: Do Orc after D:15 true
     0 | D:1      | 0 ||| qw: Do second Lair branch before Depths: true
     0 | D:1      | 0 ||| qw: Lair rune preference: random
     0 | D:1      | 0 ||| qw: Plans: Normal, Zot:1-4, Slime:5, God:TSO, Crypt,
                  | Tomb, Pan, Hells, Abyss, Win
     0 | D:1      | 0 ||| PLANNING D:1-11
    59 | D:1      | Reached skill level 2 in Axes
    80 | D:1      | Reached XP level 2. HP: 19/19 MP: 2/2
   356 | D:1      | Reached skill level 3 in Axes
   364 | D:1      | Reached XP level 3. HP: 21/23 MP: 3/3
   555 | D:1      | 555 ||| READING scroll labelled VAAFOE OLEI.
   556 | D:1      | 556 ||| READING scroll labelled GEFYAS TUUMP.
   557 | D:1      | 557 ||| READING scroll labelled BOWUZ NUKK.
   558 | D:1      | 558 ||| DRINKING 3 puce potions.
   559 | D:1      | 559 ||| DRINKING 2 dark potions.
   560 | D:1      | 560 ||| DROPPING potion of degeneration.
   608 | D:2      | 608 ||| STAIRDANCE
   634 | D:2      | 634 ||| STAIRDANCE
   685 | D:2      | Reached XP level 4. HP: 28/28 MP: 4/4
   693 | D:2      | 693 ||| Stepping ~*~*~tactically~*~*~ (stealth).
   856 | D:2      | 856 ||| Stepping ~*~*~tactically~*~*~ (stealth).
   865 | D:2      | Reached skill level 4 in Axes
   872 | D:2      | 872 ||| Stepping ~*~*~tactically~*~*~ (stealth).
   945 | D:2      | Found Acoupt's Magic Scroll Emporium.
   950 | D:2      | 950 ||| BUYING scroll of identify (24 gold).
   950 | D:2      | Bought a scroll of identify for 24 gold pieces
   950 | D:2      | 950 ||| BUYING scroll of identify (24 gold).
   950 | D:2      | Bought a scroll of identify for 24 gold pieces
   950 | D:2      | 950 ||| SHOPLISTING scroll of identify (24 gold, have 17).
   950 | D:2      | 950 ||| SHOPLISTING scroll of teleportation (36 gold, have
                  | 17).
  1150 | D:2      | 1150 ||| UPGRADING to +0 helmet.
  1155 | D:2      | 1155 ||| UPGRADING to +0 chain mail.
  1165 | D:2      | 1165 ||| DROPPING +0 scale mail.
  1166 | D:2      | 1166 ||| UPGRADING to ring of see invisible.
  1167 | D:2      | 1167 ||| READING 4 scrolls of identify.
  1167 | D:2      | 1167 ||| IDENTIFYING coppery potion
  1168 | D:2      | 1168 ||| DROPPING potion of flight.
  1240 | D:3      | Found a runed translucent gate.
  1240 | D:3      | Found a runed translucent gate.
  1242 | D:3      | Found an opulent altar of Gozag.
  1242 | D:3      | Found a runed translucent gate.
  1244 | D:3      | Noticed qw's ghost (weakling GrFi)
  1463 | D:3      | 1463 ||| FLEEEEING.
  1464 | D:3      | 1464 ||| FLEEEEING.
  1465 | D:3      | 1465 ||| FLEEEEING.
  1466 | D:3      | 1466 ||| FLEEEEING.
  1467 | D:3      | 1467 ||| FLEEEEING.
  1468 | D:3      | 1468 ||| FLEEEEING.
  1469 | D:3      | 1469 ||| FLEEEEING.
  1470 | D:3      | 1470 ||| FLEEEEING.
  1471 | D:3      | 1471 ||| FLEEEEING.
  1474 | D:3      | 1474 ||| FLEEEEING.
  1475 | D:3      | 1475 ||| FLEEEEING.
  1476 | D:3      | 1476 ||| FLEEEEING.
  1477 | D:3      | 1477 ||| FLEEEEING.
  1478 | D:3      | 1478 ||| FLEEEEING.
  1479 | D:3      | 1479 ||| FLEEEEING.
  1480 | D:3      | 1480 ||| FLEEEEING.
  1481 | D:3      | 1481 ||| FLEEEEING.
  1482 | D:3      | 1482 ||| FLEEEEING.
  1483 | D:3      | 1483 ||| FLEEEEING.
  1484 | D:3      | 1484 ||| FLEEEEING.
  1485 | D:3      | 1485 ||| FLEEEEING.
  1486 | D:3      | 1486 ||| FLEEEEING.
  1487 | D:3      | 1487 ||| FLEEEEING.
  1488 | D:3      | 1488 ||| FLEEEEING.
  1489 | D:3      | 1489 ||| FLEEEEING.
  1490 | D:3      | 1490 ||| FLEEEEING.
  1632 | D:3      | Found a hazy altar of Hepliaklqana.
  1724 | D:3      | Found a glowing silver altar of Zin.
  1724 | D:3      | Noticed an angel
  1764 | D:3      | HP: 4/28 [iguana (4)]
  1767 | D:3      | Reached XP level 5. HP: 5/32 MP: 5/5
  2157 | D:3      | 2157 ||| UPGRADING to ring of resist corrosion.
  2158 | D:3      | 2158 ||| READING scroll labelled NENNIT TYMIO.
  2159 | D:3      | 2159 ||| READING 4 scrolls of identify.
  2159 | D:3      | 2159 ||| IDENTIFYING fuming green potion
  2160 | D:3      | 2160 ||| READING 3 scrolls of identify.
  2160 | D:3      | 2160 ||| IDENTIFYING bubbling golden potion
  2185 | D:4      | 2185 ||| Stepping ~*~*~tactically~*~*~ (stealth).
  2193 | D:4      | 2193 ||| FLEEEEING.
  2265 | D:4      | Reached skill level 5 in Axes
  2345 | D:4      | Identified the +3 kite shield of Saomeh {rN+ Will+}
  2405 | D:4      | 2405 ||| Stepping ~*~*~tactically~*~*~ (stealth).
  2413 | D:4      | HP: 4/32 [orc priest/divine providence (13)]
  2414 | D:4      | 2414 ||| DRINKING potion of heal wounds.
  2419 | D:4      | HP: 1/32 [orc priest/+0 club (4)]
  2420 | D:4      | Slain by an orc

Levels and vault maps discovered:
D:1:      matt_arrival_diagonals, layout_rooms, serial_bayou_lagoon_a,
          minmay_pentomino_u2
D:2:      layout_rooms, serial_shops, shop, grunt_ministairs_14,
          minmay_misc_feat_room, minmay_door_square
D:3:      layout_loops_corners, zin_angel, overflow_temple_1_default,
          ebering_ghost_gozag, minivault_14, st_stairs_7, kennysheep_crisscross
D:4:      layout_basic, lemuel_tele_altar, dk_noncrumbling_3,
          chequers_serial_rivers_micro_b

Skill      XL: |  1  2  3  4  5 |
---------------+----------------+-----
Axes           | 2 3 4 5 |  5.1
Fighting       | |  3.5
Armour         | |  3.2
Shields        | |  3.2

Action                     |  1- 3 |  4- 6 || total
---------------------------+-------+-------++-------
  Melee: War axe           |   107 |   132 ||   239
    Use: Scroll            |     3 |     4 ||     7
         Potion            |     2 |     1 ||     3
 Armour: Scale mail        |    70 |    14 ||    84
         Chain mail        |       |    62 ||    62
  Dodge: Dodged            |    56 |    40 ||    96
  Block: Buckler           |    36 |    18 ||    54

Table legend:
 A = Non-vault XP
 B = Vault XP
 C = Vault XP percentage of total XP
 D = Non-vault monster count
 E = Vault monster count
 F = Vault count percentage of total count
                 A         B        C        D         E       F
            +---------+---------+-------+---------+---------+-------
      Total |     274 |      11 |   3.9 |      73 |       5 |   6.4
            +---------+---------+-------+---------+---------+-------
        D:1 |      61 |       5 |   7.6 |      30 |       2 |   6.2
        D:2 |      52 |       3 |   5.5 |      15 |       2 |  11.8
        D:3 |      80 |       3 |   3.6 |      20 |       1 |   4.8
        D:4 |      81 |       0 |   0.0 |       8 |       0 |   0.0
            +---------+---------+-------+---------+---------+-------
